Penguins vs Flyers

Created - December 12 2010 at 15:59

Goals
1 2 3 T
Penguins 4 3 0 7
Flyers 1 0 3 4
Shots
1 2 3 T
Penguins 22 15 6 43
Flyers 6 3 13 22

Period #1

1. Penguins , Brandon Dubinsky 4 (Brad Richards, Pavel Datsyuk) at 0:29
2. Flyers , Niklas Hagman 5 (Kevin Bieksa, Radim Vrbata) at 1:53 (PP)
3. Penguins , Brooks Orpik 3 (Daniel Sedin, Henrik Sedin) at 3:42
4. Penguins , John-Michael Liles 4 (Daniel Sedin, Henrik Sedin) at 4:30 (PP)
5. Penguins , Pavel Datsyuk 15 (Brad Richards) at 7:17

Penalties :
Alex Goligoski (PIT) for Hooking (Minor) at 0:42, Alexandre Picard (PHI) for Hooking (Minor) at 4:17, Chris Pronger (PHI) for Interference (Minor) at 4:26, John Madden (PHI) for Holding Stick (Minor) at 7:32, Ladislav Smid (PHI) for Hooking (Minor) at 10:29, Sami Salo (PIT) for Slashing (Minor) at 14:12

Period #2

6. Penguins , Jason Pominville 9 (Henrik Sedin, Nicklas Lidstrom) at 2:16
7. Penguins , Daniel Sedin 12 (Henrik Sedin) at 3:38 (PP)
8. Penguins , Alex Goligoski 3 (Pavel Kubina, Claude Giroux) at 16:51 (PP)

Penalties :
Ladislav Smid (PHI) for Roughing (Minor) at 2:25, Ladislav Smid (PHI) for Interference (Minor) at 5:04, Ladislav Smid (PHI) for Holding (Minor) at 14:54, Alexandre Picard (PHI) for Tripping (Minor) at 17:45

Period #3

9. Flyers , Niklas Hagman 6 (Rob Blake, Radim Vrbata) at 4:49
10. Flyers , Chris Pronger 11 (Tim Connolly) at 6:43 (PP)
11. Flyers , Brendan Morrison 8 (Lee Stempniak, Ladislav Smid) at 10:25

Penalties :
Jason Pominville (PIT) for Slashing (Minor) at 0:33, Pavel Kubina (PIT) for Tripping (Minor) at 5:11, Sami Salo (PIT) for Tripping (Minor) at 8:13, Jason Pominville (PIT) for Interference (Minor) at 13:01, Lee Stempniak (PHI) for Tripping (Minor) at 15:59

Goalie Stats

Marc-Andre Fleury (PIT), 13 saves from 17 shots - (0.765), W, 17-7-3, 50:25 minutes
Tim Thomas (PIT), 5 saves from 5 shots - (1.000), 9:35 minutes
Tomas Vokoun (PHI), 11 saves from 15 shots - (0.733), 7:17 minutes
Vesa Toskala (PHI), 25 saves from 28 shots - (0.893), L, 0-1-0, 52:43 minutes

Players Stats

Penguins
Player Name              G  A  P  +/- PIM S  H  SB FO    MP 
------------------------------------------------------------
Alex Goligoski           1  0  1  -1  2   2  1  1  0/0   21 
Blair Betts              0  0  0   0  0   0  0  0  0/0   2  
Brad Richards            0  2  2   2  0   7  0  0  21/25 21 
Brandon Dubinsky         1  0  1   2  0   3  0  1  0/0   14 
Brooks Orpik             1  0  1   2  0   1  3  0  0/0   18 
Claude Giroux            0  1  1  -1  0   1  1  0  7/17  20 
Daniel Sedin             1  2  3   1  0   6  2  0  0/2   18 
Henrik Sedin             0  4  4   0  0   4  1  0  20/36 20 
Ian Laperriere           0  0  0   0  0   2  4  1  0/1   15 
Jason Pominville         1  0  1   1  4   2  1  0  0/1   15 
Joel Ward                0  0  0   0  0   3  0  0  2/5   15 
John-Michael Liles       1  0  1   1  0   1  0  0  0/0   6  
Mark Eaton               0  0  0  -1  0   1  0  0  0/0   8  
Nicklas Lidstrom         0  1  1   1  0   2  0  1  0/0   26 
Pavel Datsyuk            1  1  2   2  0   7  0  0  3/8   23 
Pavel Kubina             0  1  1   2  2   1  0  1  0/0   22 
Ryan Smyth               0  0  0  -1  0   0  0  0  0/0   10 
Sami Salo                0  0  0   0  4   0  2  0  0/0   13 
Flyers
Player Name              G  A  P  +/- PIM S  H  SB FO    MP 
------------------------------------------------------------
Alexandre Picard         0  0  0   1  4   0  1  0  1/2   12 
Andrei Markov            0  0  0  -1  0   2  2  1  0/0   19 
Andrej Sekera            0  0  0  -1  0   0  0  0  0/0   8  
Brendan Morrison         1  0  1   1  0   3  0  0  11/23 17 
Chris Pronger            1  0  1  -2  2   3  3  3  0/0   23 
Glen Metropolit          0  0  0  -1  0   0  0  1  4/11  8  
Jochen Hecht             0  0  0  -1  0   0  1  0  1/3   20 
John Madden              0  0  0  -1  2   0  1  0  14/28 20 
Justin Williams          0  0  0  -1  0   0  0  0  0/1   11 
Kevin Bieksa             0  1  1  -1  0   1  0  1  0/0   21 
Kyle Brodziak            0  0  0  -1  0   0  1  0  0/0   8  
Ladislav Smid            0  1  1   1  8   1  4  0  0/0   15 
Lee Stempniak            0  1  1   1  2   3  2  2  0/1   12 
Niklas Hagman            2  0  2  -1  0   4  2  0  0/1   20 
Radim Vrbata             0  2  2  -1  0   1  2  0  0/0   13 
Rob Blake                0  1  1  -1  0   1  1  1  0/0   21 
Rostislav Klesla         0  0  0   1  0   0  3  2  0/0   12 
Tim Connolly             0  1  1  -2  0   3  0  0  11/25 23 

3 Stars

1 - Daniel Sedin (PIT)
2 - Henrik Sedin (PIT)
3 - Pavel Datsyuk (PIT)

Power Play

Penguins - 3 on 9 Attempt(s) - 33.33%
Flyers - 2 on 6 Attempt(s) - 33.33%

Penalty Kill

Penguins - 4 on 6 Attempt(s) - 66.67% - Score 0 goal in Penalty Kill
Flyers - 6 on 9 Attempt(s) - 66.67% - Score 0 goal in Penalty Kill

Game Notes

Vesa Toskala enters game at 7:17 of 1st period
John-Michael Liles is injured at 18:34 of 1st period (Sprained Left Finger)
Tim Thomas enters game at 10:25 of 3rd period

Finance

Level 1 -- Attendance: 4945 (76.08%) -- Ticket Income $469,775.00
Level 2 -- Attendance: 3706 (74.12%) -- Ticket Income $200,124.00
Level 3 -- Attendance: 2630 (75.14%) -- Ticket Income $92,050.00
Level 4 -- Attendance: 2683 (76.24%) -- Ticket Income $40,245.00
Luxury Box -- Attendance: 760 (76.00%) -- Ticket Income $145,920.00
Game was played at the Wachovia Center
Total Attendance: 14724 (75.43%)
Total Ticket Income: $993,192.40
Other Income: $202,447.20
Total Income: $1,195,639.00


Play by Play

Period #1

0:01 of 1st period - Henrik Sedin wins face-off versus Tim Connolly in neutral zone.
0:17 of 1st period - Shot by Henrik Sedin.
0:17 of 1st period - Stopped by Tomas Vokoun without a rebound.
0:18 of 1st period - Brad Richards wins face-off versus Niklas Hagman in Flyers zone.
0:29 of 1st period - Shot by Brandon Dubinsky.
0:29 of 1st period - Goal by Brandon Dubinsky - Penguins : 1 - Flyers : 0.
0:30 of 1st period - Claude Giroux wins face-off versus Brendan Morrison in neutral zone.
0:42 of 1st period - Minor Penalty to Alex Goligoski for Hooking.
0:43 of 1st period - Joel Ward wins face-off versus Tim Connolly in Penguins zone.
0:49 of 1st period - Icing by Andrei Markov.
0:50 of 1st period - Tim Connolly wins face-off versus Pavel Datsyuk in Flyers zone.
1:23 of 1st period - Shot by Justin Williams.
1:23 of 1st period - Shot Misses the Net.
1:27 of 1st period - Shot by Andrei Markov.
1:27 of 1st period - Shot Misses the Net.
1:31 of 1st period - Shot by Andrei Markov.
1:31 of 1st period - Stopped by Marc-Andre Fleury with a rebound.
1:53 of 1st period - Shot by Niklas Hagman.
1:53 of 1st period - Goal by Niklas Hagman - Penguins : 1 - Flyers : 1.
1:54 of 1st period - Brendan Morrison wins face-off versus Henrik Sedin in neutral zone.
1:57 of 1st period - Shot by Lee Stempniak.
1:57 of 1st period - Stopped by Marc-Andre Fleury without a rebound.
1:58 of 1st period - Brendan Morrison wins face-off versus Brad Richards in Penguins zone.
2:27 of 1st period - Shot by Brad Richards.
2:27 of 1st period - Stopped by Tomas Vokoun without a rebound.
2:28 of 1st period - Henrik Sedin wins face-off versus John Madden in Flyers zone.
2:29 of 1st period - Shot by Daniel Sedin.
2:29 of 1st period - Stopped by Tomas Vokoun without a rebound.
2:30 of 1st period - John Madden wins face-off versus Henrik Sedin in Flyers zone.
2:36 of 1st period - Off-side.
2:37 of 1st period - Henrik Sedin wins face-off versus Glen Metropolit in neutral zone.
2:42 of 1st period - Shot by Ryan Smyth.
2:42 of 1st period - Shot Blocked by Chris Pronger.
2:46 of 1st period - Shot by Ryan Smyth.
2:46 of 1st period - Shot Misses the Net.
2:48 of 1st period - Shot by Mark Eaton.
2:48 of 1st period - Stopped by Tomas Vokoun without a rebound.
2:49 of 1st period - John Madden wins face-off versus Claude Giroux in Flyers zone.
3:15 of 1st period - Sami Salo is hit by Radim Vrbata and loses puck.
3:42 of 1st period - Shot by Brooks Orpik.
3:42 of 1st period - Goal by Brooks Orpik - Penguins : 2 - Flyers : 1.
3:43 of 1st period - Brad Richards wins face-off versus Tim Connolly in neutral zone.
3:43 of 1st period - Brad Richards is hit by Jochen Hecht.
3:59 of 1st period - Shot by Pavel Datsyuk.
3:59 of 1st period - Stopped by Tomas Vokoun without a rebound.
4:00 of 1st period - Brendan Morrison wins face-off versus Daniel Sedin in Flyers zone.
4:00 of 1st period - Brendan Morrison is hit by Jason Pominville.
4:10 of 1st period - Shot by Lee Stempniak.
4:10 of 1st period - Shot Hit the Post.
4:12 of 1st period - Shot by Alexandre Picard.
4:12 of 1st period - Shot Misses the Net.
4:17 of 1st period - Minor Penalty to Alexandre Picard for Hooking.
4:18 of 1st period - Brad Richards wins face-off versus Tim Connolly in Flyers zone.
4:26 of 1st period - Minor Penalty to Chris Pronger for Interference.
4:27 of 1st period - Henrik Sedin wins face-off versus Tim Connolly in Flyers zone.
4:28 of 1st period - Shot by Daniel Sedin.
4:28 of 1st period - Shot Misses the Net.
4:30 of 1st period - Shot by John-Michael Liles.
4:30 of 1st period - Goal by John-Michael Liles - Penguins : 3 - Flyers : 1.
4:31 of 1st period - Brad Richards wins face-off versus Tim Connolly in neutral zone.
4:36 of 1st period - Shot by Brad Richards.
4:36 of 1st period - Stopped by Tomas Vokoun without a rebound.
4:37 of 1st period - Henrik Sedin wins face-off versus Jochen Hecht in Flyers zone.
4:48 of 1st period - Shot by Daniel Sedin.
4:48 of 1st period - Stopped by Tomas Vokoun with a rebound.
4:50 of 1st period - Shot by Nicklas Lidstrom.
4:50 of 1st period - Shot Misses the Net.
4:52 of 1st period - Shot by Nicklas Lidstrom.
4:52 of 1st period - Stopped by Tomas Vokoun without a rebound.
4:53 of 1st period - John Madden wins face-off versus Claude Giroux in Flyers zone.
5:23 of 1st period - Shot by Alex Goligoski.
5:23 of 1st period - Stopped by Tomas Vokoun without a rebound.
5:24 of 1st period - Tim Connolly wins face-off versus Henrik Sedin in Flyers zone.
6:05 of 1st period - Icing by Henrik Sedin.
6:06 of 1st period - Henrik Sedin wins face-off versus John Madden in Penguins zone.
6:06 of 1st period - Henrik Sedin is hit by John Madden.
6:21 of 1st period - Off-side.
6:22 of 1st period - Brad Richards wins face-off versus John Madden in neutral zone.
6:31 of 1st period - Shot by Alex Goligoski.
6:31 of 1st period - Shot Misses the Net.
6:33 of 1st period - Shot by Ian Laperriere.
6:33 of 1st period - Stopped by Tomas Vokoun with a rebound.
6:35 of 1st period - Shot by Joel Ward.
6:35 of 1st period - Deflect By Claude Giroux.
6:35 of 1st period - Shot Blocked by Rostislav Klesla.
6:37 of 1st period - Shot by Alex Goligoski.
6:37 of 1st period - Shot Misses the Net.
6:39 of 1st period - Shot by Joel Ward.
6:39 of 1st period - Stopped by Tomas Vokoun without a rebound.
6:40 of 1st period - Glen Metropolit wins face-off versus Brad Richards in Flyers zone.
6:48 of 1st period - Tim Connolly is hit by Brooks Orpik and loses puck.
6:59 of 1st period - Shot by Tim Connolly.
6:59 of 1st period - Stopped by Marc-Andre Fleury with a rebound.
7:06 of 1st period - Brad Richards is hit by Chris Pronger and loses puck.
7:17 of 1st period - Shot by Pavel Datsyuk.
7:17 of 1st period - Goal by Pavel Datsyuk - Penguins : 4 - Flyers : 1.
7:17 of 1st period - Vesa Toskala enters game.
7:18 of 1st period - John Madden wins face-off versus Ian Laperriere in neutral zone.
7:32 of 1st period - Minor Penalty to John Madden for Holding Stick.
7:33 of 1st period - Jochen Hecht wins face-off versus Henrik Sedin in Flyers zone.
7:53 of 1st period - Daniel Sedin is hit by Chris Pronger.
9:21 of 1st period - Shot by Jason Pominville.
9:21 of 1st period - Stopped by Vesa Toskala without a rebound.
9:22 of 1st period - Henrik Sedin wins face-off versus Brendan Morrison in Flyers zone.
9:38 of 1st period - Off-side.
9:39 of 1st period - Claude Giroux wins face-off versus Glen Metropolit in neutral zone.
9:52 of 1st period - Shot by Joel Ward.
9:52 of 1st period - Stopped by Vesa Toskala with a rebound.
10:11 of 1st period - Icing by Alex Goligoski.
10:12 of 1st period - Claude Giroux wins face-off versus Brendan Morrison in Penguins zone.
10:28 of 1st period - Icing by Lee Stempniak.
10:29 of 1st period - Henrik Sedin wins face-off versus Brendan Morrison in Flyers zone.
10:29 of 1st period - Minor Penalty to Ladislav Smid for Hooking.
10:30 of 1st period - Henrik Sedin wins face-off versus John Madden in Flyers zone.
10:33 of 1st period - Shot by Daniel Sedin.
10:33 of 1st period - Shot Misses the Net.
11:26 of 1st period - John Madden is hit by Daniel Sedin and loses puck.
11:37 of 1st period - Shot by Brad Richards.
11:37 of 1st period - Stopped by Vesa Toskala without a rebound.
11:38 of 1st period - Brad Richards wins face-off versus Tim Connolly in Flyers zone.
11:46 of 1st period - Claude Giroux is hit by Andrei Markov and loses puck.
12:53 of 1st period - Shot by Brad Richards.
12:53 of 1st period - Stopped by Vesa Toskala without a rebound.
12:54 of 1st period - John Madden wins face-off versus Henrik Sedin in Flyers zone.
12:54 of 1st period - John Madden is hit by Henrik Sedin.
13:22 of 1st period - Nicklas Lidstrom is hit by Niklas Hagman and loses puck.
13:44 of 1st period - Icing by Andrej Sekera.
13:45 of 1st period - Glen Metropolit wins face-off versus Joel Ward in Flyers zone.
13:45 of 1st period - Glen Metropolit is hit by Ian Laperriere.
13:48 of 1st period - Tim Connolly is hit by Ian Laperriere and loses puck.
14:12 of 1st period - Minor Penalty to Sami Salo for Slashing.
14:13 of 1st period - Tim Connolly wins face-off versus Joel Ward in Penguins zone.
15:45 of 1st period - Off-side.
15:46 of 1st period - Pavel Datsyuk wins face-off versus John Madden in neutral zone.
16:05 of 1st period - Pavel Datsyuk is hit by Radim Vrbata and loses puck.
16:12 of 1st period - Shot by Niklas Hagman.
16:12 of 1st period - Stopped by Marc-Andre Fleury without a rebound.
16:13 of 1st period - Brendan Morrison wins face-off versus Claude Giroux in Penguins zone.
16:18 of 1st period - Shot by Lee Stempniak.
16:18 of 1st period - Shot Blocked by Alex Goligoski.
16:52 of 1st period - Shot by Brendan Morrison.
16:52 of 1st period - Stopped by Marc-Andre Fleury without a rebound.
16:53 of 1st period - John Madden wins face-off versus Henrik Sedin in Penguins zone.
18:21 of 1st period - Shot by Pavel Datsyuk.
18:21 of 1st period - Stopped by Vesa Toskala without a rebound.
18:22 of 1st period - Brendan Morrison wins face-off versus Claude Giroux in Flyers zone.
18:32 of 1st period - Shot by Ian Laperriere.
18:32 of 1st period - Stopped by Vesa Toskala without a rebound.
18:33 of 1st period - Brad Richards wins face-off versus Brendan Morrison in Flyers zone.
18:33 of 1st period - John-Michael Liles is hit by Ladislav Smid.
18:34 of 1st period - John-Michael Liles from Penguins is injured at 18:34 of 1st period (Sprained Left Finger).
18:35 of 1st period - Brad Richards wins face-off versus Brendan Morrison in Flyers zone.
19:34 of 1st period - Shot by Henrik Sedin.
19:34 of 1st period - Shot Misses the Net.
19:36 of 1st period - Shot by Nicklas Lidstrom.
19:36 of 1st period - Shot Blocked by Lee Stempniak.
19:38 of 1st period - Shot by Henrik Sedin.
19:38 of 1st period - Shot Misses the Net.
19:42 of 1st period - Shot by Henrik Sedin.
19:42 of 1st period - Shot Misses the Net.
19:44 of 1st period - Shot by Henrik Sedin.
19:44 of 1st period - Stopped by Vesa Toskala with a rebound.
19:46 of 1st period - Shot by Nicklas Lidstrom.
19:46 of 1st period - Shot Blocked by Rostislav Klesla.

Period #2

0:01 of 2nd period - Henrik Sedin wins face-off versus Tim Connolly in neutral zone.
0:08 of 2nd period - Shot by Daniel Sedin.
0:08 of 2nd period - Shot Hit the Post.
0:21 of 2nd period - Shot by Tim Connolly.
0:21 of 2nd period - Stopped by Marc-Andre Fleury without a rebound.
0:22 of 2nd period - Brad Richards wins face-off versus John Madden in Penguins zone.
1:19 of 2nd period - Icing by Joel Ward.
1:20 of 2nd period - Tim Connolly wins face-off versus Claude Giroux in Penguins zone.
1:51 of 2nd period - Shot by Alex Goligoski.
1:51 of 2nd period - Shot Misses the Net.
2:06 of 2nd period - Shot by Daniel Sedin.
2:06 of 2nd period - Shot Blocked by Chris Pronger.
2:08 of 2nd period - Shot by Jason Pominville.
2:08 of 2nd period - Shot Misses the Net.
2:10 of 2nd period - Shot by Nicklas Lidstrom.
2:10 of 2nd period - Shot Blocked by Chris Pronger.
2:12 of 2nd period - Shot by Jason Pominville.
2:12 of 2nd period - Shot Misses the Net.
2:14 of 2nd period - Shot by Henrik Sedin.
2:14 of 2nd period - Shot Misses the Net.
2:16 of 2nd period - Shot by Jason Pominville.
2:16 of 2nd period - Goal by Jason Pominville - Penguins : 5 - Flyers : 1.
2:17 of 2nd period - Brad Richards wins face-off versus Brendan Morrison in neutral zone.
2:23 of 2nd period - Brandon Dubinsky is hit by Ladislav Smid and loses puck.
2:25 of 2nd period - Minor Penalty to Ladislav Smid for Roughing.
2:26 of 2nd period - Henrik Sedin wins face-off versus John Madden in Flyers zone.
2:29 of 2nd period - Shot by Henrik Sedin.
2:29 of 2nd period - Shot Misses the Net.
2:31 of 2nd period - Shot by Pavel Kubina.
2:31 of 2nd period - Stopped by Vesa Toskala with a rebound.
2:35 of 2nd period - Shot by Daniel Sedin.
2:35 of 2nd period - Shot Blocked by Rob Blake.
2:37 of 2nd period - Shot by Nicklas Lidstrom.
2:37 of 2nd period - Shot Misses the Net.
2:39 of 2nd period - Shot by Nicklas Lidstrom.
2:39 of 2nd period - Shot Blocked by Kevin Bieksa.
2:41 of 2nd period - Shot by Nicklas Lidstrom.
2:41 of 2nd period - Stopped by Vesa Toskala without a rebound.
2:42 of 2nd period - Brad Richards wins face-off versus John Madden in Flyers zone.
2:43 of 2nd period - Shot by Pavel Datsyuk.
2:43 of 2nd period - Stopped by Vesa Toskala without a rebound.
2:44 of 2nd period - Brad Richards wins face-off versus John Madden in Flyers zone.
3:32 of 2nd period - Shot by Daniel Sedin.
3:32 of 2nd period - Stopped by Vesa Toskala without a rebound.
3:33 of 2nd period - Henrik Sedin wins face-off versus Tim Connolly in Flyers zone.
3:38 of 2nd period - Shot by Daniel Sedin.
3:38 of 2nd period - Goal by Daniel Sedin - Penguins : 6 - Flyers : 1.
3:39 of 2nd period - Henrik Sedin wins face-off versus Brendan Morrison in neutral zone.
3:54 of 2nd period - Shot by Daniel Sedin.
3:54 of 2nd period - Stopped by Vesa Toskala without a rebound.
3:55 of 2nd period - Glen Metropolit wins face-off versus Claude Giroux in Flyers zone.
4:38 of 2nd period - Chris Pronger is hit by Brooks Orpik and loses puck.
5:03 of 2nd period - Shot by Brad Richards.
5:03 of 2nd period - Stopped by Vesa Toskala with a rebound.
5:04 of 2nd period - Minor Penalty to Ladislav Smid for Interference.
5:05 of 2nd period - Henrik Sedin wins face-off versus John Madden in Flyers zone.
6:08 of 2nd period - Jochen Hecht is hit by Alex Goligoski and loses puck.
6:31 of 2nd period - Jochen Hecht is hit by Claude Giroux and loses puck.
7:17 of 2nd period - Shot by Lee Stempniak.
7:17 of 2nd period - Shot Misses the Net.
7:19 of 2nd period - Shot by Ladislav Smid.
7:19 of 2nd period - Stopped by Marc-Andre Fleury without a rebound.
7:20 of 2nd period - Henrik Sedin wins face-off versus Glen Metropolit in Penguins zone.
7:30 of 2nd period - Icing by Ryan Smyth.
7:31 of 2nd period - Brendan Morrison wins face-off versus Henrik Sedin in Penguins zone.
7:43 of 2nd period - Off-side.
7:44 of 2nd period - John Madden wins face-off versus Claude Giroux in neutral zone.
8:39 of 2nd period - Shot by Brandon Dubinsky.
8:39 of 2nd period - Shot Blocked by Lee Stempniak.
8:41 of 2nd period - Shot by Brandon Dubinsky.
8:41 of 2nd period - Stopped by Vesa Toskala without a rebound.
8:42 of 2nd period - Tim Connolly wins face-off versus Henrik Sedin in Flyers zone.
8:44 of 2nd period - Icing by Chris Pronger.
8:45 of 2nd period - Henrik Sedin wins face-off versus Tim Connolly in Flyers zone.
9:30 of 2nd period - Shot by Brandon Dubinsky.
9:30 of 2nd period - Deflect By Brad Richards.
9:30 of 2nd period - Stopped by Vesa Toskala without a rebound.
9:31 of 2nd period - Brad Richards wins face-off versus Brendan Morrison in Flyers zone.
9:34 of 2nd period - Shot by Pavel Datsyuk.
9:34 of 2nd period - Stopped by Vesa Toskala without a rebound.
9:35 of 2nd period - Brad Richards wins face-off versus Alexandre Picard in Flyers zone.
9:58 of 2nd period - Brandon Dubinsky is hit by Lee Stempniak and loses puck.
10:49 of 2nd period - Icing by Nicklas Lidstrom.
10:50 of 2nd period - Tim Connolly wins face-off versus Henrik Sedin in Penguins zone.
11:47 of 2nd period - Shot by John Madden.
11:47 of 2nd period - Shot Misses the Net.
12:33 of 2nd period - Icing by Sami Salo.
12:34 of 2nd period - Claude Giroux wins face-off versus Brendan Morrison in Penguins zone.
12:34 of 2nd period - Claude Giroux is hit by Alexandre Picard.
13:31 of 2nd period - Shot by Daniel Sedin.
13:31 of 2nd period - Stopped by Vesa Toskala without a rebound.
13:32 of 2nd period - Henrik Sedin wins face-off versus Tim Connolly in Flyers zone.
14:07 of 2nd period - Ian Laperriere is hit by Andrei Markov and loses puck.
14:33 of 2nd period - Off-side.
14:34 of 2nd period - Claude Giroux wins face-off versus Brendan Morrison in neutral zone.
14:38 of 2nd period - Alex Goligoski is hit by Rostislav Klesla and loses puck.
14:54 of 2nd period - Minor Penalty to Ladislav Smid for Holding.
14:55 of 2nd period - John Madden wins face-off versus Brad Richards in Flyers zone.
15:04 of 2nd period - Shot by Kevin Bieksa.
15:04 of 2nd period - Shot Misses the Net.
15:08 of 2nd period - Shot by Niklas Hagman.
15:08 of 2nd period - Shot Misses the Net.
15:12 of 2nd period - Shot by John Madden.
15:12 of 2nd period - Deflect By Niklas Hagman.
15:12 of 2nd period - Stopped by Marc-Andre Fleury with a rebound.
15:14 of 2nd period - Shot by Niklas Hagman.
15:14 of 2nd period - Shot Misses the Net.
16:34 of 2nd period - Henrik Sedin is hit by Chris Pronger and loses puck.
16:49 of 2nd period - Shot by Pavel Kubina.
16:49 of 2nd period - Shot Misses the Net.
16:51 of 2nd period - Shot by Alex Goligoski.
16:51 of 2nd period - Goal by Alex Goligoski - Penguins : 7 - Flyers : 1.
16:52 of 2nd period - Claude Giroux wins face-off versus Lee Stempniak in neutral zone.
16:54 of 2nd period - Off-side.
16:55 of 2nd period - Brendan Morrison wins face-off versus Claude Giroux in neutral zone.
16:58 of 2nd period - Claude Giroux is hit by Lee Stempniak and loses puck.
17:07 of 2nd period - Claude Giroux is hit by Ladislav Smid.
17:14 of 2nd period - Claude Giroux is hit by Rostislav Klesla and loses puck.
17:17 of 2nd period - Shot by Joel Ward.
17:17 of 2nd period - Stopped by Vesa Toskala without a rebound.
17:18 of 2nd period - Glen Metropolit wins face-off versus Brad Richards in Flyers zone.
17:35 of 2nd period - Shot by Brandon Dubinsky.
17:35 of 2nd period - Stopped by Vesa Toskala without a rebound.
17:36 of 2nd period - Brendan Morrison wins face-off versus Henrik Sedin in Flyers zone.
17:45 of 2nd period - Minor Penalty to Alexandre Picard for Tripping.
17:46 of 2nd period - Henrik Sedin wins face-off versus John Madden in Flyers zone.
18:11 of 2nd period - Nicklas Lidstrom is hit by Rob Blake and loses puck.
18:41 of 2nd period - Icing by Pavel Datsyuk.
18:42 of 2nd period - Brad Richards wins face-off versus Tim Connolly in Penguins zone.
18:54 of 2nd period - Icing by Pavel Kubina.
18:55 of 2nd period - Pavel Datsyuk wins face-off versus John Madden in Penguins zone.
19:27 of 2nd period - Shot by Jason Pominville.
19:27 of 2nd period - Shot Blocked by Andrei Markov.
19:31 of 2nd period - Shot by Daniel Sedin.
19:31 of 2nd period - Shot Misses the Net.
19:35 of 2nd period - Shot by Jason Pominville.
19:35 of 2nd period - Shot Misses the Net.

Period #3

0:01 of 3rd period - Tim Connolly wins face-off versus Henrik Sedin in neutral zone.
0:08 of 3rd period - Icing by Chris Pronger.
0:09 of 3rd period - Brad Richards wins face-off versus Justin Williams in Flyers zone.
0:14 of 3rd period - Shot by Brad Richards.
0:14 of 3rd period - Stopped by Vesa Toskala without a rebound.
0:15 of 3rd period - John Madden wins face-off versus Claude Giroux in Flyers zone.
0:26 of 3rd period - Shot by Radim Vrbata.
0:26 of 3rd period - Stopped by Marc-Andre Fleury without a rebound.
0:27 of 3rd period - Henrik Sedin wins face-off versus Tim Connolly in Penguins zone.
0:33 of 3rd period - Minor Penalty to Jason Pominville for Slashing.
0:34 of 3rd period - John Madden wins face-off versus Pavel Datsyuk in Penguins zone.
0:34 of 3rd period - John Madden is hit by Sami Salo.
0:39 of 3rd period - John Madden is hit by Sami Salo and loses puck.
1:39 of 3rd period - Shot by Chris Pronger.
1:39 of 3rd period - Shot Misses the Net.
1:43 of 3rd period - Shot by Chris Pronger.
1:43 of 3rd period - Shot Misses the Net.
2:23 of 3rd period - Shot by Radim Vrbata.
2:23 of 3rd period - Shot Blocked by Nicklas Lidstrom.
2:25 of 3rd period - Shot by Niklas Hagman.
2:25 of 3rd period - Shot Misses the Net.
2:27 of 3rd period - Shot by Niklas Hagman.
2:27 of 3rd period - Shot Misses the Net.
2:29 of 3rd period - Shot by Kevin Bieksa.
2:29 of 3rd period - Shot Misses the Net.
2:31 of 3rd period - Shot by Rob Blake.
2:31 of 3rd period - Shot Misses the Net.
2:39 of 3rd period - Shot by Alexandre Picard.
2:39 of 3rd period - Shot Misses the Net.
2:52 of 3rd period - Shot by Claude Giroux.
2:52 of 3rd period - Stopped by Vesa Toskala without a rebound.
2:53 of 3rd period - Brad Richards wins face-off versus Glen Metropolit in Flyers zone.
3:04 of 3rd period - Shot by Alex Goligoski.
3:04 of 3rd period - Shot Blocked by Glen Metropolit.
4:04 of 3rd period - Shot by Claude Giroux.
4:04 of 3rd period - Deflect By Henrik Sedin.
4:04 of 3rd period - Stopped by Vesa Toskala without a rebound.
4:05 of 3rd period - Alexandre Picard wins face-off versus Claude Giroux in Flyers zone.
4:05 of 3rd period - Alexandre Picard is hit by Ian Laperriere.
4:35 of 3rd period - Shot by Lee Stempniak.
4:35 of 3rd period - Shot Misses the Net.
4:39 of 3rd period - Shot by Lee Stempniak.
4:39 of 3rd period - Stopped by Marc-Andre Fleury without a rebound.
4:40 of 3rd period - John Madden wins face-off versus Henrik Sedin in Penguins zone.
4:45 of 3rd period - Shot by Radim Vrbata.
4:45 of 3rd period - Shot Misses the Net.
4:49 of 3rd period - Shot by Niklas Hagman.
4:49 of 3rd period - Goal by Niklas Hagman - Penguins : 7 - Flyers : 2.
4:50 of 3rd period - Brad Richards wins face-off versus John Madden in neutral zone.
4:50 of 3rd period - Pavel Datsyuk is hit by Niklas Hagman and loses puck.
5:08 of 3rd period - Shot by Radim Vrbata.
5:08 of 3rd period - Shot Misses the Net.
5:11 of 3rd period - Minor Penalty to Pavel Kubina for Tripping.
5:12 of 3rd period - Pavel Datsyuk wins face-off versus Jochen Hecht in Penguins zone.
6:26 of 3rd period - Kevin Bieksa is hit by Brooks Orpik and loses puck.
6:37 of 3rd period - Shot by Jochen Hecht.
6:37 of 3rd period - Shot Blocked by Ian Laperriere.
6:41 of 3rd period - Shot by Tim Connolly.
6:41 of 3rd period - Stopped by Marc-Andre Fleury without a rebound.
6:42 of 3rd period - Tim Connolly wins face-off versus Pavel Datsyuk in Penguins zone.
6:43 of 3rd period - Shot by Chris Pronger.
6:43 of 3rd period - Goal by Chris Pronger - Penguins : 7 - Flyers : 3.
6:44 of 3rd period - Brendan Morrison wins face-off versus Henrik Sedin in neutral zone.
7:08 of 3rd period - Shot by Henrik Sedin.
7:08 of 3rd period - Stopped by Vesa Toskala without a rebound.
7:09 of 3rd period - Brad Richards wins face-off versus Glen Metropolit in Flyers zone.
7:36 of 3rd period - Shot by Pavel Datsyuk.
7:36 of 3rd period - Stopped by Vesa Toskala without a rebound.
7:37 of 3rd period - Claude Giroux wins face-off versus John Madden in Flyers zone.
7:58 of 3rd period - Shot by Joel Ward.
7:58 of 3rd period - Shot Misses the Net.
8:06 of 3rd period - Shot by Rob Blake.
8:06 of 3rd period - Stopped by Marc-Andre Fleury with a rebound.
8:13 of 3rd period - Minor Penalty to Sami Salo for Tripping.
8:14 of 3rd period - Tim Connolly wins face-off versus Daniel Sedin in Penguins zone.
8:27 of 3rd period - Shot by Andrei Markov.
8:27 of 3rd period - Stopped by Marc-Andre Fleury without a rebound.
8:28 of 3rd period - Tim Connolly wins face-off versus Pavel Datsyuk in Penguins zone.
9:16 of 3rd period - Shot by Rob Blake.
9:16 of 3rd period - Shot Blocked by Pavel Kubina.
9:53 of 3rd period - Shot by Andrei Markov.
9:53 of 3rd period - Shot Misses the Net.
10:14 of 3rd period - Icing by Andrei Markov.
10:15 of 3rd period - Brendan Morrison wins face-off versus Henrik Sedin in Flyers zone.
10:23 of 3rd period - Shot by Lee Stempniak.
10:23 of 3rd period - Shot Misses the Net.
10:25 of 3rd period - Shot by Brendan Morrison.
10:25 of 3rd period - Goal by Brendan Morrison - Penguins : 7 - Flyers : 4.
10:25 of 3rd period - Tim Thomas enters game.
10:26 of 3rd period - Brad Richards wins face-off versus Glen Metropolit in neutral zone.
10:26 of 3rd period - Alex Goligoski is hit by Kyle Brodziak and loses puck.
10:38 of 3rd period - Shot by John Madden.
10:38 of 3rd period - Shot Blocked by Brandon Dubinsky.
10:50 of 3rd period - Shot by Pavel Datsyuk.
10:50 of 3rd period - Stopped by Vesa Toskala without a rebound.
10:51 of 3rd period - Brendan Morrison wins face-off versus Henrik Sedin in Flyers zone.
12:27 of 3rd period - Icing by Kevin Bieksa.
12:28 of 3rd period - John Madden wins face-off versus Jason Pominville in Flyers zone.
12:28 of 3rd period - John Madden is hit by Daniel Sedin.
13:01 of 3rd period - Minor Penalty to Jason Pominville for Interference.
13:02 of 3rd period - Tim Connolly wins face-off versus Joel Ward in Penguins zone.
13:30 of 3rd period - Icing by Chris Pronger.
13:31 of 3rd period - Joel Ward wins face-off versus Tim Connolly in Flyers zone.
14:08 of 3rd period - Shot by Kevin Bieksa.
14:08 of 3rd period - Stopped by Tim Thomas with a rebound.
14:10 of 3rd period - Shot by Niklas Hagman.
14:10 of 3rd period - Shot Misses the Net.
14:14 of 3rd period - Shot by Brendan Morrison.
14:14 of 3rd period - Stopped by Tim Thomas with a rebound.
14:48 of 3rd period - Shot by Chris Pronger.
14:48 of 3rd period - Stopped by Tim Thomas with a rebound.
14:50 of 3rd period - Shot by Chris Pronger.
14:50 of 3rd period - Stopped by Tim Thomas without a rebound.
14:51 of 3rd period - John Madden wins face-off versus Pavel Datsyuk in Penguins zone.
15:20 of 3rd period - Shot by Lee Stempniak.
15:20 of 3rd period - Stopped by Tim Thomas without a rebound.
15:21 of 3rd period - Brad Richards wins face-off versus Glen Metropolit in Penguins zone.
15:59 of 3rd period - Minor Penalty to Lee Stempniak for Tripping.
16:00 of 3rd period - John Madden wins face-off versus Henrik Sedin in Flyers zone.
18:15 of 3rd period - Kyle Brodziak is hit by Ian Laperriere and loses puck.
19:51 of 3rd period - Icing by Rostislav Klesla.
19:52 of 3rd period - Henrik Sedin wins face-off versus Brendan Morrison in Flyers zone.
19:52 of 3rd period - Henrik Sedin is hit by Ladislav Smid.
19:59 of 3rd period - Jason Pominville is hit by Rostislav Klesla and loses puck.


Output by the SimonT Hockey Simulator (STHS) for Stephane Roy -- Original Page W3C XHTML 1.0 Valid